 Dungeon Crawl Stone Soup version 0.16-a0-1083-g6a3eec8 (webtiles) character file.

539 Hodglim the Ruinous (level 7, -10/41 HPs)
             Began as a High Elf Conjurer on Oct 5, 2014.
             Mangled by an orc warrior
             ... wielding a +0 scimitar
              (15 damage)
             ... on level 5 of the Dungeon.
             The game lasted 00:26:38 (4088 turns).

Hodglim the Ruinous (High Elf Conjurer)             Turns: 4088, Time: 00:26:38

HP -10/41        AC  2     Str  7      XL: 7   Next:  5%
MP   8/22        EV 12     Int 21      God:
Gold 14          SH  6     Dex 16      Spells:  3 memorised,  9 levels left

rFire  . . .     SeeInvis .     f - +1 short sword
rCold  . . .     Clarity  .     a - +0 robe
rNeg   . . .     rCorr    .     s - +3 buckler
rPois  .         rRot     .     (no helmet)
rElec  .         Spirit   .     (no cloak)
SustAb .         Warding  .     (no gloves)
rMut   .         Stasis   .     (no boots)
Gourm  .                        (no amulet)
MR     +....                    (no ring)
                                t - ring of protection from magic

@: somewhat resistant to hostile enchantments, unstealthy
A: no striking features
a: no special abilities


You were on level 5 of the Dungeon.
You were not hungry.

You visited 1 branch of the dungeon, and saw 5 of its levels.

You collected 173 gold pieces.
You spent 159 gold pieces at shops.

Inventory:

Hand weapons
 f - a +1 short sword (weapon)
 n - a +0 long sword
 z - a +1 war axe of freezing
Armour
 a - a +0 robe (worn)
 s - a +3 buckler (worn)
Magical devices
 v - a wand of fire (9) {unknown}
Comestibles
 b - 4 bread rations
 i - a slice of pizza
Scrolls
 h - 2 scrolls of amnesia
 k - a scroll of teleportation {unknown}
 l - a scroll of enchant armour
 q - a scroll of immolation {unknown}
 w - a scroll of blinking
 x - a scroll of identify
 y - a scroll of remove curse
 B - 2 scrolls of enchant weapon
Jewellery
 t - a ring of protection from magic (left hand)
Potions
 d - a potion of heal wounds {unknown}
 e - a potion of magic {unknown}
 g - a potion of mutation {unknown}
 j - a potion of might {unknown}
 m - 2 potions of invisibility
 o - 2 potions of poison
 r - a potion of curing {unknown}
 u - a potion of brilliance {unknown}
 A - a potion of restore abilities {unknown}
Books
 c - a book of Conjurations

   Spells                             Type                      Level
   *Magic Dart                        Conjuration                  1
   *Searing Ray                       Conjuration                  2
   Dazzling Spray                     Conjuration/Hexes            3
   Fulminant Prism                    Conjuration/Hexes            4
   Iskenderun's Mystic Blast          Conjuration                  4
   *Iskenderun's Battlesphere         Conjuration/Charms           5
 p - a book of Hinderance

   Spells                             Type                      Level
   Confusing Touch                    Hexes                        2
   Confuse                            Hexes                        3
   Petrify                            Transmutation/Earth          4
   Leda's Liquefaction                Hexes/Earth                  4
   Metabolic Englaciation             Hexes/Ice                    5
   Summon Mana Viper                  Hexes/Summoning              5


   Skills:
 - Level 2.1 Dodging
 - Level 2.1 Stealth
 + Level 5.8 Spellcasting
 + Level 7.4 Conjurations
 + Level 1.3 Charms


You had 9 spell levels left.
You knew the following spells:

 Your Spells              Type           Power        Failure   Level  Hunger
a - Magic Dart            Conj           ####         1%          1    None
b - Searing Ray           Conj           #####.       1%          2    None
c - Iskenderun's Battles  Conj/Chrm      ###.....     65%         5    #####..


Dungeon Overview and Level Annotations

Branches:
Dungeon (5/15)
 Temple: D:4-7

Altars:
Dithmenos
Gozag

Shops:
D:4 ?[(

Annotations:
D:3 cribozai's ghost, average HOMo


Message History

Casting: Searing Ray
Confirm with . or Enter, or press ? or * to list all spells.
Aiming: Magic Dart
Press: ? - help, Shift-Dir - straight line, f/p - orc warrior
Aim: an orc warrior, wielding a scimitar and wearing a chain mail
Okay, then.
The orc warrior hits you with a scimitar!
* * * LOW HITPOINT WARNING * * *
You see here a club.
Casting: Magic Dart
Confirm with . or Enter, or press ? or * to list all spells.
Aiming: Magic Dart
Press: ? - help, Shift-Dir - straight line, f - orc priest, p - orc warrior
Aim: an orc priest, wielding a hand axe The magic dart hits the orc priest.
The orc priest is moderately wounded.
The orc priest hits you with a hand axe.
* * * LOW HITPOINT WARNING * * *
The orc warrior hits you with a scimitar!
You die...

..........o..##
....#####.)..#
#..## ##..####
##. #.....## ..
##.....## #o.
####...# ...
##..# .## ##o#
. #@## #.o#
##..# #.# #..
#.. #[. .


You could see an orc warrior and an orc priest.

Vanquished Creatures
  Grinder (D:3)
  An ogre (D:4)
  2 orc priests (D:4)
  Jessica (D:3)
  A scorpion zombie (D:4)
  6 adders
  A worm (D:3)
  2 giant geckos (D:1)
  2 oozes
  9 orcs
  A ball python (D:1)
  9 bats
  4 hobgoblins
  5 jackals (D:1)
  2 quokkas (D:4)
  2 giant cockroaches
  4 giant newts
  5 goblins
  13 kobolds
  6 rats
77 creatures vanquished.

Notes
Turn   | Place    | Note
--------------------------------------------------------------
     0 | D:1      | Hodglim, the High Elf Conjurer, began the quest for the Orb.
     0 | D:1      | Reached XP level 1. HP: 11/11 MP: 4/4
   374 | D:1      | Reached XP level 2. HP: 17/17 MP: 0/6
   666 | D:1      | Reached skill level 5 in Conjurations
   930 | D:1      | Learned a level 2 spell: Searing Ray
   960 | D:1      | Reached XP level 3. HP: 21/21 MP: 6/8
  1258 | D:2      | Found a shadowy altar of Dithmenos.
  1930 | D:3      | Found an opulent altar of Gozag.
  1974 | D:3      | Noticed cribozai's ghost (average HOMo)
  2087 | D:2      | Reached XP level 4. HP: 20/27 MP: 10/12
  2353 | D:4      | Noticed an ogre
  2359 | D:4      | Killed an ogre
  2359 | D:4      | Reached skill level 6 in Conjurations
  2359 | D:4      | Reached XP level 5. HP: 31/31 MP: 8/16
  2475 | D:3      | Noticed Jessica
  2487 | D:3      | Killed Jessica
  2511 | D:3      | Noticed Grinder
  2517 | D:3      | Killed Grinder
  2517 | D:3      | Reached skill level 5 in Spellcasting
  2517 | D:3      | Reached skill level 7 in Conjurations
  2517 | D:3      | Reached XP level 6. HP: 16/36 MP: 11/20
  3084 | D:4      | Found Buiral's Antique Armour Shoppe.
  3239 | D:4      | Learned a level 5 spell: Iskenderun's Battlesphere
  3285 | D:4      | Found Uloek's Weapon Boutique.
  3491 | D:4      | Found Plasu's Magic Scroll Shop.
  3495 | D:4      | Bought a scroll of blinking for 82 gold pieces
  3495 | D:4      | Bought a scroll of identify for 22 gold pieces
  3495 | D:4      | Bought a scroll of remove curse for 33 gold pieces
  3495 | D:4      | Bought a scroll of identify for 22 gold pieces
  3755 | D:4      | Reached skill level 1 in Charms
  3761 | D:4      | Reached XP level 7. HP: 29/41 MP: 15/22
  4018 | D:5      | Entered Level 5 of the Dungeon
  4088 | D:5      | Mangled by an orc warrior

Action                   |  1- 3 |  4- 6 |  7- 9 || total
-------------------------+-------+-------+-------++-------
Melee: Short sword       |     1 |    10 |       ||    11
 Cast: Magic Dart        |    79 |    66 |    17 ||   162
       Searing Ray       |     7 |     5 |     2 ||    14
  Use: Scroll            |     3 |     6 |       ||     9
  Eat: Chunk             |     3 |     2 |       ||     5
       Bread ration      |       |     1 |       ||     1
